 Dungeon Crawl Stone Soup version 0.28-a0-425-gd0eccab798 (webtiles) character file.

Game seed: 14438931294968554087

61 zero the Shooter (level 3, -1/18 HPs)
             Began as a Deep Elf Arcane Marksman on Sept 9, 2021.
             Slain by an adder (5 damage)
             ... on level 2 of the Dungeon.
             The game lasted 00:02:16 (2156 turns).

zero the Shooter (Deep Elf Arcane Marksman)         Turns: 2156, Time: 00:02:16

Health: -1/18      AC:  2    Str:  7    XL:     3   Next: 83%
Magic:  5/7        EV: 12    Int: 17    God:
Gold:   66         SH:  0    Dex: 16    Spells: 3/5 levels left

rFire   . . .      SeeInvis .   e - +2 war axe (flame)
rCold   . . .      Faith    .   (no shield)
rNeg    . . .      Spirit   .   d - +0 robe
rPois   .          Reflect  .   (no helmet)
rElec   .          Harm     .   (no cloak)
rCorr   .          Rampage  .   (no gloves)
Will    .....                   (no boots)
Stlth   +.........              (no amulet)
HPRegen 0.06/turn               (no ring)
MPRegen 0.10/turn               (no ring)

@: lethally poisoned (-1 -> -8)
A: frail 1, no potion heal 1
a: no special abilities


You were on level 2 of the Dungeon.
You visited 1 branch of the dungeon, and saw 2 of its levels.

You collected 66 gold pieces.

Inventory:

Hand Weapons
 a - a +0 shortbow
 b - a +0 hunting sling
 e - a +2 war axe of flaming (weapon)
Missiles
 c - 64 arrows
 f - 2 throwing nets
Armour
 d - a +0 robe (worn)
Jewellery
 h - a ring of positive energy
Scrolls
 i - a scroll of teleportation {unknown}
 j - a scroll of blinking {unknown}
 k - a scroll of fog {unknown}
 l - a scroll of enchant armour {unknown}
Potions
 g - 2 potions of resistance {unknown}


   Skills:
 + Level 1.7 Fighting
 - Level 5.0 Bows
 - Level 2.4 Dodging
 - Level 1.5 Spellcasting
 - Level 4.0 Hexes


You had 3 spell levels left.
You knew the following spells:

 Your Spells              Type           Power      Damage    Failure   Level
a - Slow                  Hex            14%        N/A       6%          2

Your spell library contained the following spells:

 Spells                   Type           Power      Damage    Failure   Level
 Inner Flame              Hex/Fire       8%         N/A       26%         3
 Portal Projectile        Hex/Tloc       16%        N/A       26%         3
 Cause Fear               Hex            7%         N/A       36%         4


Dungeon Overview and Level Annotations

Branches:
Dungeon (2/15)

Altars:


Innate Abilities, Weirdness & Mutations

You are frail. (-10% HP)
Potions are less effective at restoring your health.


Message History

No target in view!
You can't see any susceptible monsters within range! (Use Z to cast anyway.) No target in view!
As you open the door, it creaks loudly!
You open the door.
There is an open door here.
Found a short sword.
No target in view!
You can't see any susceptible monsters within range! (Use Z to cast anyway.) No target in view!
You see here a +0 short sword.
Found a ring mail.
No target in view!
You can't see any susceptible monsters within range! (Use Z to cast anyway.) No target in view!
Found a stone staircase leading down.
No target in view!
You can't see any susceptible monsters within range! (Use Z to cast anyway.) No target in view!
You see here a +0 ring mail.
There is a stone staircase leading down here.
An adder comes into view.
The adder hisses angrily.
You hear a shout!
The adder bites you.
The adder resists with significant effort.
The adder bites you.
You are poisoned.
The adder poisons you!
You closely miss the adder.
You feel sick. The adder bites you.
You are more poisoned.
The adder poisons you! The adder closely misses you.
A kobold comes into view. It is wielding a +0 whip.
There are monsters nearby!
You hit the adder. You burn the adder.
The adder is moderately wounded.
You feel very sick. The adder bites you.
* * * LOW HITPOINT WARNING * * *
The adder bites you.
You die...

##### #...# #...#
########################
#...##
#...)........[..........
+.....
#.############>.........
#..... #...#
.........########.##.....
###.# .........#
#..#..... #.# ........@#
#.#...## #.# ########S#
#.....# #.# .K. ##....#
#.# ..... #..).# #.#
....... #####...## #.#
......... +......... #.#
........... ######'###
#.#
#............+.........
#.# ######...#


You could see an adder and a kobold.

Vanquished Creatures
  3 adders (D:2)
  A worm (D:2)
  A dart slug (D:2)
  4 ball pythons
  A giant cockroach (D:1)
  2 goblins
  4 hobgoblins
  3 bats
  6 frilled lizards
  4 kobolds
  3 rats
32 creatures vanquished.

Notes
Turn   | Place    | Note
-------+----------+-------------------------------------------
     0 | D:1      | zero the Deep Elf Arcane Marksman began the quest for the
                  | Orb.
     0 | D:1      | Reached XP level 1. HP: 11/11 MP: 5/5
    72 | D:1      | Reached skill level 3 in Bows
   151 | D:1      | Reached XP level 2. HP: 16/16 MP: 6/6
   154 | D:1      | Learned a level 2 spell: Slow
   231 | D:1      | Reached skill level 4 in Bows
   398 | D:1      | You fall into a shaft and drop 1 floor!
   559 | D:2      | Reached XP level 3. HP: 20/20 MP: 5/7
   682 | D:2      | Reached skill level 5 in Bows
   983 | D:2      | Reached skill level 1 in Fighting
  1161 | D:2      | Gained mutation: You are frail. (-10% HP) [potion of
                  | mutation]
  1161 | D:2      | Gained mutation: Potions are less effective at restoring
                  | your health. [potion of mutation]
  1438 | D:2      | Found a faded altar of an unknown god.
  2156 | D:2      | Slain by an adder

Illustrated notes

Levels and vault maps discovered:
D:1:      psy_arrival_dodecagon, layout_loops_cross, serial_shops,
          nicolae_shop_overgrown_old_shop
D:2:      layout_basic, basic_ecumenical_altar

Skill      XL: |  1  2  3 |
---------------+----------+-----
Bows           | 3 4 5 |  5.0
Fighting       | 1 |  1.7
Dodging        | |  2.4
Spellcasting   | |  1.5
Hexes          | |  4.0

Action                   || total
-------------------------++-------
Melee: War axe           ||    72
 Fire: Shortbow          ||     6
 Cast: Slow              ||    33
  Use: Potion            ||     3
Armor: Robe              ||    11
Dodge: Dodged            ||    63

Table legend: (Time is in decaauts)
 A = Elapsed time spent in this place.
 B = Non-inter-level travel time spent in this place.
 C = Inter-level travel time spent in this place.
 D = Time resting spent in this place.
 E = Time spent auto-exploring this place.
 F = Levels seen in this place.
 G = Mean time per level.
                   A        B        C        D        E       F      G
               +--------+--------+--------+--------+--------+-----+--------+
         Total |   2190 |   2188 |      2 |    431 |   1439 |   2 | 1095.0 |
       Dungeon |   2190 |   2188 |      2 |    431 |   1439 |   2 | 1095.0 |
               +--------+--------+--------+--------+--------+-----+--------+

Top non-repeatable levels by time:
     D:2: 1782 daAuts
     D:1: 407 daAuts
